[ PARTIDA AOE2 · #504720964 ]
UnrankedHunos vs Persians
Equipo del jugador · VICT
Equipo rival · DERR
[ ANÁLISIS DE REPETICIÓN · EXTRAÍDO DE LA PARTIDA GRABADA ]
Feudal
9:23
Castillos
19:41
Imperial
32:18
| APM promedio | 46.4 |
| APM pico | 91 |
| eAPM promedio | 25.2 |
| Aldeanos / militares | 190 / 150 |
Foco
⚔️ 40.3% · 🌾 59.7%
Cavalry Archer ×128 · Trebuchet (Packed) ×7 · Monk ×3 · Tarkan ×3 · Skirmisher ×3 · Archer ×2
Feudal
11:12
Castillos
21:58
Imperial
38:39
| APM promedio | 34.8 |
| APM pico | 65 |
| eAPM promedio | 20.9 |
| Aldeanos / militares | 126 / 108 |
Foco
⚔️ 37.6% · 🌾 62.4%
Archer ×32 · Knight ×31 · Cavalry Archer ×28 · Camel Scout ×7 · Militia ×4 · Mangonel ×2
Mapa de la partida
Recursos iniciales + cada clic de construcción. Líneas = muros · curvas = relieve. ◆ oro · ⬟ piedra · ● bayas · ✦ reliquia · ◌ hueco del cierre
Tu base· ✓ Cerrada en 19:41 · 54t muro · 1 puerta(s)
Base de GimilMarduk· ✓ Cerrada en 21:58 · 60t muro · 1 puerta(s)
Terreno inicial suavizado · ◌ = hueco del cierre detectado · pasá el cursor para detalles
Inputs por minuto
— Andi - - GimilMarduk
Build order — Andi
Primeras 150 de 484 acciones detectadas
| 0:00 | Encolar | Villager (Male) |
| 0:00 | Encolar | Villager (Male) |
| 0:00 | Encolar | Villager (Male) |
| 0:11 | Encolar | Villager (Male) |
| 1:22 | Encolar | Villager (Male) |
| 1:22 | Encolar | Villager (Male) |
| 1:45 | Encolar | Villager (Male) |
| 1:45 | Encolar | Villager (Male) |
| 2:14 | Encolar | Villager (Male) |
| 2:16 | Construir | Lumber Camp |
| 2:40 | Encolar | Villager (Male) |
| 2:47 | Encolar | Villager (Male) |
| 3:02 | Encolar | Villager (Male) |
| 3:30 | Encolar | Villager (Male) |
| 3:55 | Encolar | Villager (Male) |
| 4:32 | Encolar | Villager (Male) |
| 4:32 | Encolar | Villager (Male) |
| 4:48 | Encolar | Villager (Male) |
| 4:52 | Construir | Mill |
| 5:02 | Encolar | Villager (Male) |
| 5:20 | Investigar | Loom |
| 6:35 | Construir | Lumber Camp |
| 6:49 | Construir | Palisade Wall |
| 6:50 | Construir | Palisade Wall |
| 6:54 | Construir | Palisade Wall |
| 6:54 | Construir | Palisade Wall |
| 6:55 | Construir | Palisade Wall |
| 6:57 | Construir | Palisade Wall |
| 6:58 | Construir | Palisade Wall |
| 6:58 | Construir | Palisade Wall |
| 7:13 | Investigar | Feudal Age |
| 7:55 | Construir | Barracks |
| 7:59 | Construir | Palisade Wall |
| 7:59 | Construir | Palisade Wall |
| 8:00 | Construir | Palisade Wall |
| 8:04 | Construir | Palisade Wall |
| 8:04 | Construir | Palisade Wall |
| 8:05 | Construir | Palisade Wall |
| 8:05 | Construir | Palisade Wall |
| 8:06 | Construir | Palisade Wall |
| 8:08 | Construir | Palisade Wall |
| 8:12 | Construir | Palisade Wall |
| 8:33 | Encolar | Villager (Male) |
| 8:47 | Encolar | Villager (Male) |
| 9:05 | Encolar | Villager (Male) |
| 9:23 | Edad | Edad Feudal |
| 9:30 | Construir | Stable |
| 9:31 | Encolar | Villager (Male) |
| 9:31 | Investigar | Double-Bit Axe |
| 9:38 | Investigar | Horse Collar |
| 9:58 | Construir | Farm |
| 10:00 | Construir | Farm |
| 10:06 | Encolar | Villager (Male) |
| 10:11 | Construir | Farm |
| 10:19 | Encolar | Scout Cavalry |
| 10:28 | Encolar | Villager (Male) |
| 10:37 | Construir | Farm |
| 10:38 | Construir | Farm |
| 10:57 | Encolar | Villager (Male) |
| 11:01 | Construir | Farm |
| 11:08 | Encolar | Scout Cavalry |
| 11:15 | Construir | Farm |
| 11:34 | Construir | Farm |
| 11:36 | Encolar | Villager (Male) |
| 12:00 | Encolar | Villager (Male) |
| 12:08 | Construir | Archery Range |
| 12:09 | Encolar | Villager (Male) |
| 12:30 | Construir | Palisade Wall |
| 12:39 | Construir | Palisade Gate |
| 12:40 | Construir | Mining Camp |
| 12:41 | Encolar | Villager (Male) |
| 12:47 | Encolar | Villager (Male) |
| 13:06 | Construir | Blacksmith |
| 13:32 | Encolar | Archer |
| 13:33 | Encolar | Villager (Male) |
| 13:42 | Construir | Palisade Wall |
| 13:48 | Construir | Palisade Wall |
| 13:59 | Encolar | Villager (Male) |
| 13:59 | Encolar | Skirmisher |
| 13:59 | Encolar | Skirmisher |
| 14:08 | Investigar | Wheelbarrow |
| 14:13 | Construir | Farm |
| 14:38 | Encolar | Villager (Male) |
| 15:11 | Encolar | Skirmisher |
| 15:40 | Construir | Market |
| 15:45 | Encolar | Villager (Male) |
| 15:58 | Encolar | Villager (Male) |
| 16:26 | Construir | Farm |
| 16:38 | Construir | Farm |
| 16:53 | Investigar | Castle Age |
| 17:17 | Construir | Archery Range |
| 17:28 | Investigar | Gold Mining |
| 17:57 | Construir | Archery Range |
| 18:03 | Investigar | Bloodlines |
| 18:20 | Investigar | Fletching |
| 18:52 | Encolar | Villager (Male) |
| 19:27 | Encolar | Villager (Male) |
| 19:41 | Edad | Edad de los Castillos |
| 19:42 | Encolar | Cavalry Archer |
| 19:42 | Encolar | Cavalry Archer |
| 19:42 | Encolar | Cavalry Archer |
| 19:43 | Investigar | Bodkin Arrow |
| 19:44 | Investigar | Bow Saw |
| 19:50 | Construir | Town Center |
| 19:56 | Encolar | Villager (Male) |
| 19:58 | Encolar | Cavalry Archer |
| 19:58 | Encolar | Cavalry Archer |
| 19:58 | Encolar | Cavalry Archer |
| 20:08 | Encolar | Villager (Male) |
| 20:37 | Construir | Monastery |
| 20:39 | Encolar | Villager (Male) |
| 20:49 | Encolar | Villager (Male) |
| 21:05 | Encolar | Villager (Male) |
| 21:06 | Encolar | Cavalry Archer |
| 21:06 | Encolar | Cavalry Archer |
| 21:07 | Encolar | Cavalry Archer |
| 21:20 | Encolar | Monk |
| 21:21 | Encolar | Villager (Male) |
| 21:30 | Encolar | Cavalry Archer |
| 21:30 | Encolar | Cavalry Archer |
| 21:39 | Encolar | Villager (Male) |
| 21:54 | Encolar | Villager (Male) |
| 21:54 | Encolar | Villager (Male) |
| 22:04 | Construir | Town Center |
| 22:11 | Encolar | Villager (Male) |
| 22:11 | Encolar | Villager (Male) |
| 22:14 | Construir | Farm |
| 22:23 | Encolar | Villager (Male) |
| 22:35 | Encolar | Villager (Male) |
| 22:58 | Encolar | Villager (Male) |
| 23:12 | Encolar | Villager (Male) |
| 23:32 | Construir | Town Center |
| 23:33 | Encolar | Villager (Male) |
| 23:33 | Encolar | Villager (Male) |
| 23:33 | Encolar | Villager (Male) |
| 23:37 | Construir | Farm |
| 23:41 | Investigar | Heavy Plow |
| 23:42 | Encolar | Villager (Male) |
| 23:57 | Encolar | Villager (Male) |
| 24:16 | Encolar | Villager (Male) |
| 24:17 | Encolar | Villager (Male) |
| 24:19 | Construir | Siege Workshop |
| 24:38 | Encolar | Villager (Male) |
| 24:38 | Encolar | Villager (Male) |
| 24:57 | Encolar | Mangonel |
| 24:58 | Encolar | Villager (Male) |
| 24:59 | Encolar | Villager (Male) |
| 25:00 | Construir | Farm |
| 25:00 | Construir | Farm |
| 25:00 | Construir | Farm |
Build order — GimilMarduk
Primeras 150 de 410 acciones detectadas
| 0:00 | Encolar | Villager (Male) ×5 |
| 0:01 | Construir | House |
| 0:03 | Construir | House |
| 1:21 | Encolar | Villager (Male) |
| 1:52 | Construir | Lumber Camp |
| 1:58 | Encolar | Villager (Male) |
| 2:15 | Encolar | Villager (Male) |
| 2:38 | Encolar | Villager (Male) |
| 3:00 | Encolar | Villager (Male) |
| 3:27 | Encolar | Villager (Male) |
| 3:36 | Construir | House |
| 3:38 | Construir | House |
| 3:49 | Encolar | Villager (Male) |
| 4:17 | Encolar | Villager (Male) |
| 4:34 | Construir | Barracks |
| 4:58 | Encolar | Villager (Male) |
| 5:30 | Encolar | Villager (Male) |
| 5:52 | Encolar | Villager (Male) |
| 6:08 | Encolar | Militia |
| 6:08 | Encolar | Militia |
| 6:10 | Construir | Mill |
| 6:16 | Construir | House |
| 6:17 | Encolar | Villager (Male) |
| 6:30 | Encolar | Militia |
| 6:41 | Encolar | Villager (Male) |
| 6:55 | Construir | Palisade Wall |
| 6:58 | Encolar | Villager (Male) |
| 7:21 | Encolar | Villager (Male) |
| 7:28 | Construir | Palisade Wall |
| 7:30 | Encolar | Militia |
| 7:42 | Construir | Mill |
| 7:49 | Encolar | Villager (Male) |
| 8:15 | Encolar | Villager (Male) |
| 8:15 | Investigar | Loom |
| 8:23 | Construir | House |
| 9:08 | Investigar | Feudal Age |
| 9:24 | Construir | Palisade Wall |
| 9:28 | Encolar | Villager (Male) |
| 9:45 | Construir | Lumber Camp |
| 10:08 | Encolar | Villager (Male) |
| 10:13 | Construir | Palisade Wall |
| 10:14 | Construir | Palisade Wall |
| 10:14 | Construir | Palisade Wall |
| 10:15 | Construir | Palisade Wall |
| 10:16 | Construir | Palisade Wall |
| 10:19 | Construir | Palisade Wall |
| 10:20 | Construir | Palisade Wall |
| 10:21 | Construir | Palisade Wall |
| 10:31 | Construir | Palisade Gate |
| 10:33 | Construir | Palisade Wall |
| 11:12 | Edad | Edad Feudal |
| 11:18 | Construir | Archery Range |
| 11:25 | Construir | Archery Range |
| 11:51 | Encolar | Villager (Male) |
| 11:55 | Encolar | Spearman |
| 12:04 | Construir | Mining Camp |
| 12:10 | Investigar | Double-Bit Axe |
| 12:15 | Construir | Palisade Wall |
| 12:18 | Encolar | Villager (Male) |
| 12:24 | Encolar | Skirmisher |
| 12:31 | Investigar | Horse Collar |
| 12:32 | Encolar | Villager (Male) |
| 12:40 | Construir | Farm |
| 12:48 | Construir | House |
| 12:50 | Construir | House |
| 12:54 | Encolar | Villager (Male) |
| 13:01 | Encolar | Archer |
| 13:04 | Construir | Farm |
| 13:08 | Encolar | Spearman |
| 13:09 | Encolar | Villager (Male) |
| 13:14 | Construir | Palisade Wall |
| 13:19 | Construir | Farm |
| 13:33 | Encolar | Archer |
| 13:34 | Encolar | Villager (Male) |
| 13:36 | Construir | Farm |
| 13:52 | Construir | Blacksmith |
| 14:01 | Encolar | Villager (Male) |
| 14:13 | Encolar | Archer |
| 14:19 | Construir | Farm |
| 14:22 | Encolar | Villager (Male) |
| 14:31 | Construir | Farm |
| 14:35 | Construir | Farm |
| 14:42 | Construir | House |
| 14:43 | Encolar | Villager (Male) |
| 14:46 | Construir | House |
| 14:51 | Construir | Farm |
| 14:54 | Encolar | Villager (Male) |
| 14:55 | Encolar | Archer |
| 15:09 | Encolar | Villager (Male) |
| 15:09 | Encolar | Archer |
| 15:21 | Construir | Farm |
| 15:39 | Construir | Farm |
| 15:40 | Encolar | Villager (Male) |
| 15:42 | Construir | House |
| 15:54 | Construir | Palisade Wall |
| 15:58 | Construir | Farm |
| 16:00 | Construir | Farm |
| 16:03 | Construir | Farm |
| 16:03 | Encolar | Archer |
| 16:03 | Encolar | Villager (Male) |
| 16:20 | Construir | House |
| 16:26 | Encolar | Villager (Male) |
| 16:28 | Construir | Farm |
| 16:29 | Encolar | Archer |
| 16:39 | Construir | Farm |
| 16:57 | Construir | Farm |
| 17:07 | Encolar | Villager (Male) |
| 17:08 | Encolar | Archer |
| 17:13 | Construir | Farm |
| 17:29 | Encolar | Villager (Male) |
| 17:48 | Construir | Archery Range |
| 17:54 | Encolar | Villager (Male) |
| 17:54 | Encolar | Archer |
| 18:19 | Construir | Mining Camp |
| 18:21 | Encolar | Villager (Male) |
| 18:25 | Encolar | Archer |
| 18:40 | Construir | Farm |
| 18:43 | Encolar | Villager (Male) |
| 18:47 | Encolar | Archer |
| 18:47 | Encolar | Archer |
| 19:10 | Encolar | Villager (Male) |
| 19:12 | Encolar | Archer |
| 19:12 | Encolar | Archer |
| 19:31 | Investigar | Castle Age |
| 19:37 | Construir | Stable |
| 19:37 | Encolar | Archer |
| 19:57 | Construir | House |
| 20:00 | Investigar | Gold Mining |
| 20:17 | Encolar | Villager (Male) |
| 20:17 | Encolar | Archer |
| 20:23 | Investigar | Fletching |
| 20:35 | Construir | Palisade Wall |
| 20:47 | Encolar | Archer |
| 20:53 | Investigar | Bloodlines |
| 21:02 | Encolar | Archer |
| 21:32 | Encolar | Archer |
| 21:58 | Edad | Edad de los Castillos |
| 21:59 | Investigar | Crossbowman (upgrade) |
| 21:59 | Investigar | Bodkin Arrow |
| 22:02 | Construir | University |
| 22:03 | Investigar | Bow Saw |
| 22:05 | Encolar | Archer |
| 22:16 | Construir | Farm |
| 22:20 | Encolar | Villager (Male) |
| 22:24 | Construir | House |
| 22:47 | Encolar | Villager (Male) |
| 22:52 | Construir | Town Center |
| 23:00 | Encolar | Archer |
| 23:02 | Encolar | Archer |
| 23:03 | Encolar | Villager (Male) |
Cronología de la partida
| 4:34 | GimilMarduk · first_building Barracks |
| 6:49 | Andi · wall_segment Palisade Wall x1 |
| 6:50 | Andi · wall_segment Palisade Wall x1 |
| 6:54 | Andi · wall_segment Palisade Wall x1 |
| 6:54 | Andi · wall_segment Palisade Wall x1 |
| 6:55 | GimilMarduk · wall_segment Palisade Wall x2 |
| 6:55 | Andi · wall_segment Palisade Wall x1 |
| 6:57 | Andi · wall_segment Palisade Wall x1 |
| 6:58 | Andi · wall_segment Palisade Wall x1 |
| 6:58 | Andi · wall_segment Palisade Wall x1 |
| 7:28 | GimilMarduk · wall_segment Palisade Wall x7 |
| 7:55 | Andi · first_building Barracks |
| 7:59 | Andi · wall_segment Palisade Wall x1 |
| 7:59 | Andi · wall_segment Palisade Wall x1 |
| 8:00 | Andi · wall_segment Palisade Wall x1 |
| 8:04 | Andi · wall_segment Palisade Wall x1 |
| 8:04 | Andi · wall_segment Palisade Wall x1 |
| 8:05 | Andi · wall_segment Palisade Wall x1 |
| 8:05 | Andi · wall_segment Palisade Wall x1 |
| 8:06 | Andi · wall_segment Palisade Wall x1 |
| 8:08 | Andi · wall_segment Palisade Wall x2 |
| 8:12 | Andi · wall_segment Palisade Wall x1 |
| 9:23 | Andi · age_up feudal |
| 9:24 | GimilMarduk · wall_segment Palisade Wall x29 |
| 9:30 | Andi · first_building Stable |
| 10:13 | GimilMarduk · wall_segment Palisade Wall x1 |
| 10:14 | GimilMarduk · wall_segment Palisade Wall x1 |
| 10:14 | GimilMarduk · wall_segment Palisade Wall x1 |
| 10:15 | GimilMarduk · wall_segment Palisade Wall x1 |
| 10:16 | GimilMarduk · wall_segment Palisade Wall x1 |
| 10:19 | GimilMarduk · wall_segment Palisade Wall x1 |
| 10:20 | GimilMarduk · wall_segment Palisade Wall x1 |
| 10:21 | GimilMarduk · wall_segment Palisade Wall x1 |
| 10:33 | GimilMarduk · wall_segment Palisade Wall x8 |
| 11:12 | GimilMarduk · age_up feudal |
| 11:18 | GimilMarduk · first_building Archery Range |
| 12:08 | Andi · first_building Archery Range |
| 12:15 | GimilMarduk · wall_segment Palisade Wall x2 |
| 12:30 | Andi · wall_segment Palisade Wall x11 |
| 13:14 | GimilMarduk · wall_segment Palisade Wall x1 |
| 13:42 | Andi · wall_segment Palisade Wall x8 |
| 13:48 | Andi · wall_segment Palisade Wall x17 |
| 15:54 | GimilMarduk · wall_segment Palisade Wall x2 |
| 16:44 | Andi · first_market_buy 100 food |
| 16:45 | Andi · first_market_sell 100 wood |
| 19:37 | GimilMarduk · first_building Stable |
| 19:41 | Andi · age_up castle |
| 20:35 | GimilMarduk · wall_segment Palisade Wall x1 |
| 20:37 | Andi · first_building Monastery |
| 21:58 | GimilMarduk · age_up castle |
| 24:19 | Andi · first_building Siege Workshop |
| 28:21 | GimilMarduk · first_building Siege Workshop |
| 28:54 | GimilMarduk · first_building Monastery |
| 31:57 | Andi · first_building Castle |
| 32:18 | Andi · age_up imperial |
| 33:09 | GimilMarduk · first_building Castle |
| 35:38 | GimilMarduk · first_market_sell 100 wood |
| 38:39 | GimilMarduk · age_up imperial |
| 42:19 | GimilMarduk · resign |
[ ANÁLISIS IA · 1 CRÉDITO ]
¿Qué pasó realmente en esta partida?
Wolo.gg analiza cada decisión: build order, eco, micro, errores típicos por bracket. Análisis personalizado por WhatsApp o Discord en 30 segundos.
Guía civ
Hunos
Perfil
Jugador #4756000